 Dungeon Crawl Stone Soup version 0.27-a0-1319-geec4fb4e21 (webtiles) character file.

Game seed: 3064298372379128078

1200 pcat the Thaumaturge (level 8, -7/40 (46) HPs)
             Began as a Deep Elf Conjurer on June 22, 2021.
             Was an Initiate of Vehumet.
             Mangled by Edmund (10 damage)
             ... on level 6 of the Dungeon.
             The game lasted 00:11:39 (6748 turns).

pcat the Thaumaturge (Deep Elf Conjurer)            Turns: 6748, Time: 00:11:40

HP:   -7/40 (46)    AC:  4    Str:  4    XL:     8   Next: 21%
MP:   1/22          EV: 12    Int: 26    God:    Vehumet [......]
Gold: 233           SH:  0    Dex: 13    Spells: 16/23 levels left

rFire    + . .     SeeInvis .   t - +5 dagger
rCold    + . .     Faith    .   (no shield)
rNeg     . . .     Spirit   .   a - +0 robe
rPois    +         Reflect  .   (no helmet)
rElec    +         Harm     .   (no cloak)
rCorr    +         Rampage  .   (no gloves)
Will     .....                  r - +1 pair of boots
Stlth    ++........             (no amulet)
HPRegen  0.13/turn              b - ring of wizardry
MPRegen  0.18/turn              (no ring)

@: resistant, heavily drained
A: no striking features
a: Renounce Religion


You were on level 6 of the Dungeon.
You worshipped Vehumet.
Vehumet was noncommittal.
You visited 2 branches of the dungeon, and saw 7 of its levels.

You collected 233 gold pieces.

Inventory:

Hand Weapons
 t - a +5 dagger (weapon)
Missiles
 e - 41 stones
Armour
 a - a +0 robe (worn)
 r - a +1 pair of boots (worn)
Jewellery
 b - a ring of wizardry (left hand)
Wands
 s - a wand of charming (8)
 u - a wand of paralysis (11)
 C - a wand of digging (1)
Scrolls
 g - 2 scrolls of teleportation
Potions
 d - 2 potions of resistance
 k - a potion of lignification {unknown}
 m - a potion of haste {unknown}
 p - a potion of might {unknown}
 q - 2 potions of degeneration {unknown}
 v - a potion of brilliance {unknown}
 x - a potion of cancellation {unknown}
 z - a potion of curing
 A - a potion of ambrosia {unknown}
 B - a potion of heal wounds {unknown}


   Skills:
 + Level 3.1 Fighting
 - Level 2.4 Dodging
 - Level 2.4 Stealth
 * Level 8.1 Spellcasting
 * Level 7.7 Conjurations
 + Level 3.6 Translocations


You had 16 spell levels left.
You knew the following spells:

 Your Spells              Type           Power      Damage    Failure   Level
a - Magic Dart            Conj           100%       1d8       1%          1
b - Searing Ray           Conj           100%       3d7       1%          2
c - Iskenderun's Mystic   Conj/Tloc      40%        2d9       2%          4

Your spell library contained the following spells:

 Spells                   Type           Power      Damage    Failure   Level
 Dazzling Flash           Conj/Hex       60%        N/A       1%          3
 Fulminant Prism          Conj/Hex       15%        3d11      4%          4


Dungeon Overview and Level Annotations

Branches:
Dungeon (6/15)             Temple (1/1) D:5

Altars:
Ashenzari
Dithmenos
Elyvilon
Fedhas
Gozag
Kikubaaqudgha
Nemelex Xobeh
Okawaru
Qazlal
Ru
Trog
Vehumet
Xom
Yredelemnul
Zin
The Shining One

Annotations:
D:6 Edmund


Message History

Edmund is lightly wounded.
Edmund is knocked back by the mystic blast.
Casting: Iskenderun's Mystic Blast (dangerous; 2% risk of failure)
Confirm with . or Enter, or press ? or * to list all spells.
You erupt in a blast of force!
The mystic blast hits Edmund.
Edmund is moderately wounded.
Edmund is knocked back by the mystic blast.
Edmund slams into the rock wall!
Casting: Iskenderun's Mystic Blast (dangerous; 2% risk of failure)
Confirm with . or Enter, or press ? or * to list all spells.
You erupt in a blast of force!
The mystic blast hits Edmund!
Edmund is heavily wounded.
Edmund is knocked back by the mystic blast.
Edmund slams into the rock wall!
Edmund zaps a wand.
The puff of flame hits you!
Casting: Iskenderun's Mystic Blast (dangerous; 2% risk of failure)
Confirm with . or Enter, or press ? or * to list all spells.
Aiming: Searing Ray (safe; 1% risk of failure)
Press: ? - help, Shift-Dir - straight line, f/p - Edmund
Aim: Edmund, wielding a +5 flail of draining, wearing a +3 ring mail of cold resistance and carrying a wand of flame (25) (heavily wounded, 85% to hit)
The searing ray misses Edmund. (Press . to maintain the ray.)
The searing ray hits Edmund!
Edmund is almost dead.
Edmund hits you with a +5 flail of draining.
You feel drained.
Without enough magic to sustain it, your searing ray dissipates.
Edmund hits you with a +5 flail of draining.
You feel drained.
You hit Edmund but do no damage.
Edmund is almost dead.
Edmund hits you with a +5 flail of draining!
* * * LOW HITPOINT WARNING * * *
You feel drained.
* * * LOW HITPOINT WARNING * * *
Okay, then.
Okay, then.
You feel protected.
Edmund hits you with a +5 flail of draining!
You die...

######################
#....................#
#....@...............#
#....@...........##..#
..'................##..#
..#................#...#
. ##...##...##...†.#...#
#...###+###.....#...# (
#...............#...#
.##.......[.......##..#
♣.
.....##...##.....#####


You could see Edmund.

Vanquished Creatures
  A water moccasin (D:5)
  A necrophage (D:6)
  2 ogres (D:5)
  Blork the orc (D:4)
  A scorpion (D:6)
  A wyvern skeleton (D:5)
  2 howler monkeys
  A bullfrog zombie (D:5)
  An orc priest (D:4)
  2 bullfrog skeletons (D:5)
  A scorpion zombie (D:5)
  3 iguanas
  Ijyb (D:4)
  2 orc wizards (D:5)
  A hound skeleton (D:5)
  6 gnolls (D:5)
  12 adders
  2 ufetubi
  A worm (D:5)
  2 dart slugs
  13 orcs
  A bat (D:2)
  6 endoplasms
  2 giant cockroaches
  4 goblins
  5 hobgoblins
  3 jackals (D:2)
  7 kobolds
  5 quokkas
  6 ball pythons
  2 frilled lizards (D:1)
98 creatures vanquished.

Vanquished Creatures (others)
  5 fungi (D:2)
  6 plants (D:2)
11 creatures vanquished.

Grand Total: 109 creatures vanquished

Notes
Turn   | Place    | Note
-------+----------+-------------------------------------------
     0 | D:1      | pcat the Deep Elf Conjurer began the quest for the Orb.
     0 | D:1      | Reached XP level 1. HP: 10/10 MP: 6/6
   334 | D:1      | Reached XP level 2. HP: 15/15 MP: 4/8
   337 | D:1      | Learned a level 2 spell: Searing Ray
  1305 | D:2      | Reached skill level 4 in Spellcasting
  1305 | D:2      | Reached XP level 3. HP: 20/20 MP: 2/10
  1452 | D:2      | Reached skill level 1 in Fighting
  1452 | D:2      | Reached skill level 5 in Conjurations
  1749 | D:2      | Found a faded altar of an unknown god.
  2193 | D:3      | Reached XP level 4. HP: 25/25 MP: 9/12
  2760 | D:3      | Learned a level 4 spell: Iskenderun's Mystic Blast
  3247 | D:4      | Noticed Ijyb
  3253 | D:4      | Killed Ijyb
  3347 | D:4      | Noticed Blork the orc
  3769 | D:4      | Reached skill level 5 in Spellcasting
  3769 | D:4      | Reached XP level 5. HP: 28/29 MP: 10/14
  3914 | D:4      | Reached skill level 1 in Translocations
  3955 | D:4      | Found a stormy altar of Qazlal.
  4018 | D:4      | Killed Blork the orc
  4148 | D:4      | Reached XP level 6. HP: 14/35 MP: 3/16
  4750 | D:5      | Entered Level 5 of the Dungeon
  4805 | D:5      | Reached skill level 6 in Spellcasting
  4968 | D:5      | Reached XP level 7. HP: 40/40 MP: 13/18
  5202 | D:5      | Reached skill level 7 in Spellcasting
  5703 | D:5      | Found an opulent altar of Gozag.
  5754 | D:5      | Found a glowing silver altar of Zin.
  5947 | D:5      | Found a staircase to the Ecumenical Temple.
  5962 | D:5      | Reached XP level 8. HP: 35/46 MP: 10/21
  5969 | Temple   | Entered the Ecumenical Temple
  6040 | Temple   | Became a worshipper of Vehumet
  6358 | D:6      | Noticed Edmund
  6592 | D:6      | Reached skill level 8 in Spellcasting
  6747 | D:6      | HP: 2/40 [Edmund (5)]
  6748 | D:6      | Mangled by Edmund

Illustrated notes

Levels and vault maps discovered:
D:1:      amcnicky_arrival_feature_with_door, layout_loops_cross,
          hangedman_abyss_or_decor_lesser_grid, minmay_shallow_snake_nest
D:2:      layout_loops_ring, shapermc_ecumenical_altar_mp_urbaneastern
D:3:      layout_loops_ring
D:4:      kennysheep_spiral_hall, layout_rooms, grunt_qazlal_clouds,
          uniq_blork_the_orc, uniq_ijyb
D:5:      layout_cave_pools, pdpol_temple_overflow_zin_treasury_gozag_greed,
          minmay_temple_entry_statues_fountains, serial_park,
          serial_park_avenue1, serial_park_square1 [serial_park_minivault_5x5_3]
D:6:      layout_gridville, kennysheep_mini_moat, uniq_edmund
Temple:   dshaligram_water_room_temple

Skill      XL: |  1  2  3  4  5  6  7  8 |
---------------+-------------------------+-----
Spellcasting   | 4 5 6 7 8 |  8.1
Fighting       | 1 2 3 |  3.1
Conjurations   | 5 6 7 |  7.7
Translocations | 1 2 3 |  3.6
Dodging        | |  2.4
Stealth        | |  2.4

Action                   |  1- 3 |  4- 6 |  7- 9 || total
-------------------------+-------+-------+-------++-------
Melee: Dagger            |       |     1 |     6 ||     7
 Cast: Magic Dart        |    75 |   100 |    93 ||   268
       Searing Ray       |       |     9 |     7 ||    16
       Iskenderun's Myst |       |     3 |    14 ||    17
Evoke: Wand              |       |       |     1 ||     1
  Use: Scroll            |       |       |    12 ||    12
       Potion            |       |       |     1 ||     1
Armor: Robe              |     1 |     5 |     2 ||     8
Dodge: Dodged            |     7 |    10 |    19 ||    36

Table legend: (Time is in decaauts)
 A = Elapsed time spent in this place.
 B = Non-inter-level travel time spent in this place.
 C = Inter-level travel time spent in this place.
 D = Time resting spent in this place.
 E = Time spent auto-exploring this place.
 F = Levels seen in this place.
 G = Mean time per level.
                   A        B        C        D        E       F      G
               +--------+--------+--------+--------+--------+-----+--------+
         Total |   6750 |   6571 |    179 |    775 |   5105 |   7 |  964.3 |
       Dungeon |   6552 |   6393 |    159 |    775 |   4979 |   6 | 1092.0 |
        Temple |    197 |    177 |     20 |      0 |    126 |   1 |  197.0 |
               +--------+--------+--------+--------+--------+-----+--------+

Top non-repeatable levels by time:
     D:5: 1539 daAuts
     D:3: 1415 daAuts
     D:4: 1257 daAuts
     D:1: 1096 daAuts
     D:2: 1093 daAuts
  Temple: 197 daAuts
     D:6: 150 daAuts
